Map: At Eternity's Edge LE

Players

LetaleX

  • Race: Protoss Protoss
  • League: Grandmaster
  • Spawn Location: 5:00

BabyMarine - Winner!

  • Race: Terran Terran
  • Spawn Location: 11:00

Event: HomeStory Cup XXIX

VOD

Have the link to the VOD?

Description

Time

  • Played on: July 4, 2026, 3:16 p.m.
  • Length: 20:23

All games in this series

Show
View Real Time Build Order
Export as new Build Order

LetaleX Protoss 

Build Orders: 1 Gate Expand, Phoenix Opening, Blink Stalkers 

Get SALT Encoding   

  8  0:00  Probe (Chrono Boost)  
  9  0:12  Probe (Chrono Boost)  
  10  0:19  Probe (Chrono Boost)  
  11  0:26  Probe  
  12  0:33  Pylon  
  12  0:38  Probe  
  13  0:51  Probe (Chrono Boost)  
  13  0:55  Gateway  
  14  1:03  Probe (Chrono Boost)  
  15  1:12  Probe (Chrono Boost)  
  15  1:18  Probe  
  17  1:34  Nexus  
  17  1:40  Assimilator  
  17  1:50  Cybernetics Core  
  17  1:53  Probe  
  18  1:58  Assimilator  
  18  2:05  Probe  
  19  2:09  Pylon  
  19  2:17  Probe (Chrono Boost)  
  20  2:28  Adept  
  20  2:29  Probe (Chrono Boost)  
  23  2:31  Warp Gate  
  23  2:34  Probe (Chrono Boost)  
  25  2:47  Probe x2 (Chrono Boost)  
  26  2:56  Probe (Chrono Boost)  
  28  2:58  Probe (Chrono Boost)  
  28  3:01  Sentry, Probe (Chrono Boost)  
  31  3:09  Twilight Council  
  31  3:12  Probe (Chrono Boost)  
  33  3:13  Probe (Chrono Boost)  
  34  3:21  Probe (Chrono Boost)  
  34  3:22  Probe (Chrono Boost)  
  34  3:24  Stalker  
  37  3:27  Probe  
  37  3:31  Phoenix  
  37  3:32  Probe, Gateway  
  39  3:39  Pylon, Probe  
  40  3:44  Probe  
  40  3:45  Blink (Chrono Boost)  
  41  3:51  Probe  
  42  3:57  Probe  
  42  3:59  Stalker  
  42  4:02  Shield Battery  
  45  4:03  Probe  
  45  4:04  Pylon  
  45  4:09  Probe  
  47  4:15  Pylon  
  47  4:16  Probe  
  48  4:21  Probe  
  48  4:22  Stalker  
  51  4:28  Stalker  
  51  4:30  Probe, Pylon  
  54  4:35  Phoenix  
  54  4:38  Probe  
  55  4:42  Stalker  
  55  4:45  Nexus  
  57  4:46  Probe  
  57  4:50  Stalker  
  60  4:53  Pylon  
  60  4:54  Probe  
  60  4:59  Probe  
  62  5:02  Stalker  
  63  5:19  Probe  
  56  5:25  Probe  
  56  5:26  Stalker  
  59  5:31  Probe, Stalker  
  62  5:36  Gateway  
  62  5:37  Probe  
  62  5:41  Robotics Facility  
  63  5:43  Assimilator, Probe (Chrono Boost)  
  63  5:49  Probe (Chrono Boost)  
  65  5:51  Zealot x2  
  65  5:55  Probe (Chrono Boost)  
  70  5:59  Probe (Chrono Boost)  
  70  6:01  Probe (Chrono Boost)  
  70  6:02  Gateway  
  73  6:05  Probe (Chrono Boost)  
  73  6:07  Probe (Chrono Boost)  
  73  6:08  Probe (Chrono Boost)  
  73  6:11  Probe (Chrono Boost)  
  75  6:12  Probe (Chrono Boost)  
  75  6:13  Pylon  
  75  6:15  Probe  
  75  6:21  Shield Battery, Zealot x2, Probe  
  75  6:24  Probe, Zealot  
  83  6:27  Probe  
  83  6:31  Observer  
  85  6:33  Probe  
  85  6:36  Robotics Bay, Probe  
  85  6:37  Zealot x2  
  91  6:43  Probe, Charge (Chrono Boost)  
  91  6:46  Probe  
  93  6:47  Zealot  
  93  6:49  Pylon  
  93  6:53  Zealot  
  97  6:59  Pylon  
  96  7:03  Immortal (Chrono Boost)  
  96  7:06  Zealot  
  96  7:07  Zealot x2  
  106  7:20  Nexus  
  106  7:22  Probe  
  102  7:24  Pylon  
  102  7:27  Zealot x3  
  102  7:28  Probe  
  109  7:32  Probe  
  109  7:33  Colossus (Chrono Boost)  
  116  7:40  Probe  
  117  7:47  Extended Thermal Lance (Chrono Boost), Probe  
  117  7:48  Probe  
  119  7:51  Shield Battery  
  119  7:53  Probe  
  120  8:05  Probe  
  120  8:07  Stalker x3  
  126  8:15  Probe  
  126  8:17  Zealot  
  120  8:23  Probe  
  120  8:26  Colossus (Chrono Boost)  
  107  8:30  Probe  
  107  8:32  Zealot x3, Gateway  
  98  8:34  Gateway  
  98  8:37  Probe  
  99  8:43  Probe  
  99  8:45  Forge  
  99  8:46  Forge  
  98  8:49  Probe  
  98  8:51  Pylon  
  97  8:57  Zealot x3  
  97  8:58  Zealot  
  97  9:01  Probe x3  
  97  9:02  Probe  
  101  9:13  Probe x2  
  101  9:14  Gateway  
  101  9:16  Gateway  
  103  9:21  Sentry x2, Zealot x2  
  99  9:28  Probe  
  90  9:34  Protoss Ground Weapons Level 1 (Chrono Boost), Protoss Ground Armor Level 1 (Chrono Boost)  
  86  9:39  Probe  
  86  9:43  Colossus (Chrono Boost)  
  86  9:44  Probe  
  86  9:51  Zealot  
  94  9:53  Zealot x4  
  94  9:55  Nexus, Pylon  
  94  9:56  Zealot  
  94  9:58  Probe x2  
  94  9:59  Probe  
  107  10:01  Probe  
  107  10:05  Pylon  
  108  10:10  Probe x2  
  109  10:14  Probe  
  109  10:16  Probe  
  109  10:19  Zealot x6  
  123  10:22  Probe  
  123  10:25  Probe  
  123  10:27  Probe  
  126  10:30  Probe  
  126  10:31  Warp Prism  
  129  10:42  Probe, Stalker x2  
  130  10:43  Stalker, Zealot x3  
  130  10:46  Probe  
  130  10:48  Probe  
  144  10:53  Probe  
  145  10:59  Gateway  
  145  11:00  Probe x2  
  145  11:01  Gateway  
  147  11:05  Zealot x7  
  147  11:06  Zealot  
  147  11:09  Robotics Facility  
  163  11:16  Probe, Disruptor  
  168  11:18  Robotics Facility  
  168  11:19  Pylon  
  168  11:22  Probe  
  168  11:24  Assimilator  
  168  11:38  Pylon  
  168  11:39  Protoss Ground Weapons Level 2 (Chrono Boost)  
  168  11:42  Probe  
  165  11:50  Zealot x8  
  165  11:52  Protoss Ground Armor Level 2 (Chrono Boost), Probe  
  182  11:55  Assimilator  
  182  12:07  Pylon  
  182  12:08  Nexus, Disruptor (Chrono Boost)  
  184  12:16  Zealot x4  
  182  12:35  Nexus  
  182  12:36  Pylon  
  178  12:37  Assimilator  
  178  12:40  Disruptor (Chrono Boost)  
  166  12:50  Disruptor (Chrono Boost)  
  164  12:55  Zealot x10  
  172  13:02  Probe  
  173  13:07  Assimilator  
  173  13:09  Probe  
  174  13:17  Assimilator  
  174  13:18  Zealot x7  
  188  13:25  Pylon, Zealot x3  
  188  13:26  Assimilator, Nexus  
  188  13:47  Probe  
  161  13:50  Disruptor x2 (Chrono Boost)  
  166  13:56  Zealot x10  
  166  13:58  Disruptor (Chrono Boost)  
  186  14:10  Probe, Protoss Ground Weapons Level 3 (Chrono Boost), Protoss Ground Armor Level 3 (Chrono Boost)  
  185  14:17  Disruptor  
  185  14:18  Gateway  
  185  14:20  Gateway  
  185  14:22  Stalker x4  
  197  14:28  Stalker  
  199  14:32  Photon Cannon  
  187  14:58  Stalker x3  
  189  15:00  Disruptor x2  
  197  15:10  Zealot  
  199  15:23  Pylon  
  199  15:24  Dark Shrine  
  199  15:27  Pylon  
  159  15:45  Zealot x10  
  159  15:53  Colossus x3 (Chrono Boost)  
  177  15:57  Gateway  
  177  15:59  Probe, Gateway  
  177  16:03  Probe  
  179  16:09  Zealot x10  
  199  16:18  Gateway  
  199  16:21  Gateway  
  199  16:23  Pylon  
  179  16:36  Stalker x4, Zealot x8  
  199  16:46  Shadow Stride  
  199  16:56  Probe  
  199  16:58  Photon Cannon  
  196  17:03  Zealot x2  
  196  17:07  Nexus  
  175  17:10  Stalker x3, Zealot x6  
  147  17:24  Stalker  
  108  17:32  Zealot x4  
  108  17:33  Zealot x7  
  113  17:54  Zealot  
  113  17:55  Zealot x10  
  108  18:07  Colossus  
  108  18:08  Colossus  
  126  18:19  Stalker x7  
  138  18:26  Nexus  
  138  18:43  Dark Templar  
  138  18:44  Dark Templar x2  
  144  18:51  Dark Templar  
  142  19:13  Zealot x4  
  100  19:52  Pylon  
  81  20:02  Gateway  
  81  20:03  Gateway  
  81  20:06  Gateway  
  77  20:08  Gateway  
Show
View Real Time Build Order
Export as new Build Order

BabyMarine Terran - Winner!

Build Orders:  

Get SALT Encoding   

  8  0:00  SCV  
  9  0:12  SCV  
  10  0:24  SCV  
  11  0:28  Supply Depot  
  11  0:36  SCV  
  12  0:48  SCV  
  13  0:54  Barracks  
  13  1:00  SCV  
  14  1:07  Refinery  
  14  1:13  SCV  
  16  1:25  SCV  
  17  1:41  Marine  
  17  1:43  Orbital Command  
  17  2:07  Command Center  
  17  2:11  SCV  
  18  2:22  Factory  
  18  2:26  SCV  
  19  2:33  Supply Depot  
  19  2:36  Barracks Reactor  
  19  2:39  SCV  
  20  2:51  SCV  
  21  2:53  Bunker  
  21  3:00  Refinery  
  21  3:03  SCV  
  22  3:12  Starport  
  22  3:15  SCV  
  23  3:21  Orbital Command  
  23  3:26  Hellion  
  25  3:30  SCV  
  26  3:35  Hellion  
  28  3:42  SCV  
  28  3:44  Supply Depot  
  28  3:47  SCV  
  30  3:52  Widow Mine  
  32  3:57  Widow Mine  
  32  3:59  Medivac  
  32  4:01  SCV  
  32  4:02  SCV  
  38  4:05  Barracks Tech Lab  
  38  4:13  Widow Mine, SCV  
  38  4:16  SCV  
  42  4:18  Widow Mine  
  44  4:26  SCV  
  44  4:28  SCV, Supply Depot  
  44  4:29  Barracks  
  46  4:33  Starport Tech Lab  
  46  4:38  SCV  
  47  4:46  Siege Tank  
  47  4:50  Marine x2, SCV  
  47  4:51  Supply Depot  
  47  4:52  Raven  
  55  4:54  SCV  
  55  4:57  Supply Depot  
  56  5:02  SCV  
  57  5:09  SCV  
  58  5:15  SCV  
  58  5:19  Marine x2  
  59  5:21  SCV  
  59  5:24  Siege Tank  
  59  5:27  SCV  
  57  5:30  Barracks, Refinery  
  57  5:31  Engineering Bay  
  57  5:33  SCV  
  57  5:36  Supply Depot  
  57  5:38  Marine x2  
  57  5:39  Marine, SCV  
  57  5:41  Stimpack  
  61  5:46  SCV  
  61  5:49  Refinery  
  62  5:51  SCV  
  62  5:56  Terran Infantry Weapons Level 1  
  63  5:57  Marine  
  63  5:58  Marine  
  63  5:59  Starport Reactor  
  63  6:02  Marine  
  63  6:03  SCV x2  
  68  6:10  Factory Reactor  
  68  6:15  SCV  
  68  6:17  Marine  
  68  6:18  Marine  
  71  6:21  Marauder  
  71  6:22  SCV  
  74  6:27  Combat Shield  
  74  6:29  Command Center  
  74  6:31  Marauder  
  76  6:40  SCV  
  76  6:42  Marauder  
  76  6:46  Widow Mine  
  81  6:49  Supply Depot x2  
  81  6:50  Supply Depot  
  82  7:02  Medivac x2  
  82  7:03  Widow Mine  
  82  7:04  Marine, Marauder  
  82  7:06  Barracks  
  82  7:08  Barracks  
  90  7:10  Marine  
  90  7:11  Marauder  
  90  7:15  Widow Mine  
  95  7:23  SCV x2  
  95  7:28  Concussive Shells  
  95  7:29  Marine x2, Marauder  
  101  7:34  Supply Depot  
  101  7:39  Marauder  
  103  7:49  Widow Mine x2, Medivac x2  
  103  7:50  Marine x2, Marauder  
  103  7:51  Terran Infantry Armor Level 1  
  115  8:01  Marauder  
  115  8:02  SCV  
  118  8:06  Barracks Reactor  
  118  8:07  Barracks Tech Lab  
  118  8:11  SCV  
  118  8:12  Marauder  
  119  8:14  SCV  
  119  8:16  Orbital Command  
  119  8:18  Marine x2  
  122  8:22  Marauder  
  122  8:26  SCV  
  112  8:31  Marauder  
  112  8:33  Marauder  
  112  8:36  Marine x2  
  114  8:42  SCV x3  
  114  8:44  Marauder, Supply Depot  
  114  8:45  Marine, Supply Depot  
  114  8:46  Marine  
  121  8:49  Viking x2  
  124  9:05  SCV x3  
  124  9:06  Command Center  
  127  9:10  Marauder  
  127  9:13  Marauder  
  131  9:18  Viking  
  131  9:19  Viking  
  131  9:21  SCV  
  131  9:23  Marine x2  
  131  9:24  Marauder  
  131  9:27  Marine x2  
  121  9:32  Marauder  
  121  9:34  Marauder  
  110  9:39  SCV x2  
  110  9:41  Marine  
  110  9:45  Marauder  
  111  9:48  Engineering Bay, Starport, Marine x2  
  111  9:50  Armory, Viking  
  111  9:51  Viking  
  117  9:56  Marine, Marauder x2  
  117  9:59  Barracks  
  122  10:01  Barracks  
  122  10:02  Barracks  
  122  10:05  Marine  
  122  10:06  Marine, Marauder  
  126  10:14  Refinery  
  126  10:15  Refinery  
  126  10:18  Marauder, SCV x2  
  130  10:28  Viking x2  
  130  10:29  SCV  
  130  10:34  Medivac x2  
  139  10:39  Terran Infantry Weapons Level 2, Terran Infantry Armor Level 2  
  138  10:43  Sensor Tower  
  138  10:48  Barracks Tech Lab, Marauder x2  
  138  10:49  Marauder, Barracks Tech Lab x2  
  144  10:57  Marine x4  
  144  10:59  Planetary Fortress  
  144  11:03  Terran Ship Weapons Level 1  
  144  11:04  SCV x3  
  150  11:09  Viking, Supply Depot  
  150  11:10  Marauder  
  155  11:11  Supply Depot  
  155  11:12  Viking  
  155  11:16  Medivac  
  159  11:19  Refinery  
  159  11:20  Refinery  
  159  11:22  Sensor Tower, Marauder  
  159  11:24  Marauder  
  159  11:25  Supply Depot  
  162  11:35  SCV  
  162  11:36  SCV  
  162  11:38  Marauder x4  
  162  11:39  Ghost Academy  
  172  11:48  Sensor Tower  
  172  11:51  SCV x3  
  172  11:54  Command Center  
  175  11:55  Marauder  
  175  11:56  Marauder  
  179  12:08  Marauder, Ghost x2  
  185  12:15  Ghost  
  185  12:20  SCV  
  188  12:23  Ghost  
  188  12:26  SCV x2  
  188  12:27  SCV  
  188  12:28  Ghost  
  186  12:32  SCV  
  184  12:38  SCV x2  
  177  12:47  Marine  
  177  12:48  Marine x2, Marauder x3  
  177  12:49  Marine  
  177  12:50  Marauder  
  177  12:51  SCV  
  172  12:53  Marauder  
  172  12:57  Marine, SCV x3  
  180  13:05  Marine x3  
  180  13:06  Terran Infantry Weapons Level 3  
  180  13:09  Ghost x2  
  180  13:10  Marauder  
  180  13:11  Marauder  
  180  13:12  Terran Infantry Armor Level 3, Marine  
  189  13:14  Marauder  
  189  13:15  Marauder  
  194  13:20  Fusion Core  
  194  13:23  Marine x2  
  196  13:29  Command Center  
  192  13:48  Marine x3, Marauder x3  
  190  13:55  Ghost  
  188  13:56  Planetary Fortress  
  188  13:57  SCV x3  
  194  14:03  Marauder x2  
  194  14:08  Terran Ship Weapons Level 2  
  194  14:09  Advanced Ballistics  
  200  14:10  Marauder  
  200  14:16  Command Center  
  200  14:17  Command Center  
  200  14:22  Refinery  
  200  14:27  Sensor Tower  
  200  14:34  Refinery  
  200  14:35  Missile Turret  
  200  14:41  Starport  
  200  14:44  Missile Turret  
  191  14:46  Liberator x2, Missile Turret  
  191  14:48  Liberator  
  200  15:01  Command Center  
  200  15:13  Orbital Command  
  200  15:16  Command Center  
  200  15:21  Caduceus Reactor  
  200  15:22  Starport Reactor  
  168  15:36  Liberator x2  
  168  15:37  Orbital Command  
  168  15:38  Orbital Command  
  168  15:41  Marine x2, Marauder x2  
  168  15:42  Marine x2  
  159  15:43  Marauder x2  
  157  15:54  Liberator x2  
  160  15:57  Neosteel Armor  
  160  15:59  Marine x2, Marauder  
  160  16:00  Marine  
  160  16:01  Liberator x2  
  171  16:11  Ghost x2  
  171  16:13  Sensor Tower  
  171  16:15  Orbital Command  
  177  16:19  Liberator  
  177  16:22  Liberator  
  177  16:24  Marauder x3  
  177  16:25  Marauder  
  189  16:33  SCV  
  189  16:37  Liberator, Marine x2  
  189  16:38  Marine, Orbital Command  
  195  16:41  Marauder x2  
  195  16:44  Terran Vehicle And Ship Armor Level 1  
  199  16:56  Marine  
  193  17:10  Marine x3, Marauder  
  193  17:11  Marauder  
  194  17:28  Ghost x2  
  176  17:33  Medivac x2  
  176  17:36  Medivac  
  179  17:41  Ghost x2  
  185  17:45  Barracks  
  185  17:46  Barracks  
  185  17:48  Starport  
  185  17:50  Ghost  
  182  17:55  Marine x2  
  182  17:56  Marine, Marauder  
  182  17:57  Orbital Command, Marauder x2, Medivac x2  
  185  18:10  Marauder  
  179  18:15  Marine x2, Marauder  
  179  18:17  Marauder  
  182  18:20  Marine x2, Marauder  
  182  18:21  Marauder x2  
  182  18:25  Liberator x3  
  199  18:31  Marauder  
  199  18:33  Marine x2  
  198  18:37  Marauder  
  198  18:41  Liberator x3  
  188  18:42  Marine x2, Marauder x2  
  197  18:48  Marine  
  197  18:49  Marauder  
  197  19:02  Marine x2, Marauder  
  198  19:03  Marauder  
  198  19:09  Marine x3, Marauder x2  
  198  19:10  Medivac  
  191  19:24  Medivac x2  
  191  19:25  Marine x3, Marauder x2  
  191  19:26  Marine  
  191  19:27  Marauder  
  195  19:31  Ghost  
  195  19:36  Medivac x2  
  195  19:37  Orbital Command  
  196  19:46  Barracks Tech Lab  
  196  19:47  Barracks Tech Lab  
  196  19:51  Marauder x2  
Tags
 
Add a new tag
Caveats
  • Supply blocks, unpowered buildings, or Contaminate may cause inaccurate times.
  • Supply counts are checked every 10 seconds.